AoeStats
← 水鱼

Four Lakes

508667372Analyzed
1v1 RM · 7d ago on Sep 23, 2026· 44m 21s· 2 players
Game mode
Random Map
Map size
Tiny (2 player)
Population
200
Speed
Normal
Resources
Standard
Victory
Conquest
Starting age
Dark Age
Ending age
Imperial Age
RankedLock teamsTeams togetherTeam positionsShared explorationLock speedFull tech treeHidden civsTurbo modeCheats
Victory
Defeat
🇨🇳 Persians · China
1280
+16
🇵🇪 Italians · Peru
1277
-16
_Avicii_32
10:12 Loom
12:05 Feudal Age
16:57 Castle Age
14:49 Double-Bit Axe
26:56 Fletching
27:43 Bodkin Arrow
29:25 Bow Saw
28:56 Horse Collar
30:22 Town Watch
31:12 Wheelbarrow
35:07 Imperial Age
33:33 Padded Archer Armor
35:47 Heavy Plow
35:56 Bracer
36:21 Medium Warships
35:52 Fishing Lines
39:00 Chemistry
37:41 Treadmill Crane
38:44 Leather Archer Armor
39:38 Scale Barding Armor
41:02 Ring Archer Armor
40:53 Ballistics
40:55 Chain Barding Armor
42:00 Forging
42:09 Light Cavalry
43:32 Plate Barding Armor
水鱼
6:38 Loom
10:37 Feudal Age
8:54 Loom
10:40 Feudal Age
14:55 Castle Age
13:38 Double-Bit Axe
14:55 Forging
17:36 Scale Barding Armor
22:37 Husbandry
22:51 Bloodlines
23:10 Bow Saw
23:59 Husbandry
24:03 Light Cavalry
30:18 Wheelbarrow
33:44 Imperial Age
30:38 Elite Skirmisher
32:14 Hand Cart
31:59 Fletching
32:10 Padded Archer Armor
32:31 Thumb Ring
32:48 Bodkin Arrow
32:41 Town Watch
33:36 Leather Archer Armor
34:22 Ballistics
33:41 Capped Ram
35:46 Chemistry
36:02 Ring Archer Armor
35:01 Siege Ram
41:36 Cavalier
43:40 Stone Mining
43:41 Gold Mining
44:54 Two-Man Saw
43:36 Horse Collar
Connection lost

Rejoining the realm…

Still unreachable

The connection could not be restored.

Session expired

The server has moved on; the page needs a fresh start.